 Dungeon Crawl Stone Soup version 0.21.1-1-g345015f (webtiles) character file.

79 Mirai the Magician (level 4, -3/24 HPs)
             Began as a Deep Elf Conjurer on Apr 5, 2018.
             Slain by Grinder (4 damage)
             ... while paralysed by Grinder
             ... on level 3 of the Dungeon.
             The game lasted 00:03:44 (1804 turns).

Mirai the Magician (Deep Elf Conjurer)              Turns: 1804, Time: 00:03:45

Health: -3/24      AC:  3    Str:  5    XL:     4   Next: 17%
Magic:  0/14       EV:  2    Int: 21    God:
Gold:   127        SH:  0    Dex: 15    Spells: 4/15 levels left

rFire    . . .     SeeInvis .   (no weapon)
rCold    . . .     Gourm    .   (no shield)
rNeg     . . .     Faith    .   o - +1 robe
rPois    +         Spirit   .   (no helmet)
rElec    .         Reflect  .   (no cloak)
rCorr    .         Harm     .   (no gloves)
MR       .....                  (no boots)
Stlth    +.........             d - amulet of regeneration
HPRegen  0.48/turn              m - ring of loudness (curse)
MPRegen  0.14/turn              p - ring of poison resistance

@: paralysed
A: no striking features
a: no special abilities


You were on level 3 of the Dungeon.
You were hungry.

You visited 1 branch of the dungeon, and saw 3 of its levels.

You collected 127 gold pieces.

Inventory:

Armour
 o - a +1 robe (worn)
Jewellery
 d - an amulet of regeneration (around neck)
 m - a cursed ring of loudness (left hand)
 p - a ring of poison resistance (right hand)
Scrolls
 f - a scroll of amnesia {unknown}
 h - a scroll of noise {unknown}
 i - 5 scrolls of teleportation {unknown}
 j - 2 scrolls of identify {unknown}
 l - a scroll of fear {unknown}
Potions
 g - a potion of heal wounds {unknown}
 k - a potion of berserk rage {unknown}
 n - a potion of brilliance {unknown}
Books
 b - a book of Conjurations

   Spells                             Type                      Level
   a - Magic Dart                     Conjuration                  1
   b - Searing Ray                    Conjuration                  2
   c - Dazzling Spray                 Conjuration/Hexes            3
   d - Fulminant Prism                Conjuration/Hexes            4
   e - Force Lance                    Conjuration/Translocation    4
   f - Iskenderun's Mystic Blast      Conjuration                  4
Comestibles
 c - 10 rations


   Skills:
 - Level 2.4 Dodging
 - Level 2.4 Stealth
 + Level 6.1 Spellcasting
 - Level 4.3 Conjurations


You had 4 spell levels left.
You knew the following spells:

 Your Spells              Type           Power        Failure   Level  Hunger
a - Magic Dart            Conj           ###.         1%          1    None
b - Searing Ray           Conj           ###...       2%          2    None
c - Iskenderun's Mystic   Conj           ###.....     16%         4    ####...
d - Fulminant Prism       Conj/Hex       ###.......   36%         4    ####...


Dungeon Overview and Level Annotations

Branches:
Dungeon (3/15)

Altars:

Annotations:
D:3 Grinder


Message History

You hit Grinder but do no damage.
Grinder is almost dead.
Grinder hits you!
* * * LOW HITPOINT WARNING * * *
You writhe in agony.
* * * LOW HITPOINT WARNING * * *
Grinder says, "Just stop there for a second..."
Casting: Magic Dart
Confirm with . or Enter, or press ? or * to list all spells.
Aiming: Magic Dart
Press: ? - help, Shift-Dir - straight line, f/p - Grinder
Aim: Grinder (almost dead)
The magic dart hits Grinder.
Grinder is almost dead.
Grinder gestures at you.
You suddenly lose the ability to move!
Grinder hits you.
* * * LOW HITPOINT WARNING * * *
You writhe in agony.
You die...

##### ### #...####..
#...##.... ####### #...##.#.#
....... ####...##.#.# .......
#......##.#..
.......###########......(#.#..
.......'.....@5..'............
...$...###########.......####.
#.##### #............
#......###### ###..........
#.######### #.# #.# #.#


You could see Grinder.

Vanquished Creatures
  Jessica (D:2)
  A gnoll (D:1)
  A worm (D:2)
  A dart slug (D:1)
  A leopard gecko (D:2)
  3 giant cockroaches
  2 goblins (D:1)
  8 hobgoblins
  4 jackals (D:2)
  A quokka (D:2)
  A ball python (D:1)
  2 frilled lizards (D:1)
  6 kobolds (D:1)
  5 rats
37 creatures vanquished.

Notes
Turn   | Place    | Note
-------+----------+-------------------------------------------
     0 | D:1      | Mirai the Deep Elf Conjurer began the quest for the Orb.
     0 | D:1      | Reached XP level 1. HP: 10/10 MP: 6/6
   188 | D:1      | Reached skill level 4 in Spellcasting
   188 | D:1      | Reached XP level 2. HP: 15/15 MP: 3/9
   192 | D:1      | Learned a level 2 spell: Searing Ray
   436 | D:1      | Reached XP level 3. HP: 19/19 MP: 4/11
   513 | D:1      | Reached skill level 5 in Spellcasting
   968 | D:2      | Noticed Jessica
   975 | D:2      | Killed Jessica
  1116 | D:2      | Reached XP level 4. HP: 24/24 MP: 4/13
  1126 | D:2      | Learned a level 4 spell: Iskenderun's Mystic Blast
  1131 | D:2      | Learned a level 4 spell: Fulminant Prism
  1158 | D:2      | Reached skill level 6 in Spellcasting
  1739 | D:3      | Noticed Grinder
  1739 | D:3      | Paralysed by Grinder for 3 turns
  1750 | D:3      | Paralysed by Grinder for 2 turns
  1769 | D:3      | Paralysed by Grinder for 5 turns
  1800 | D:3      | HP: 1/24 [Grinder (5)]
  1803 | D:3      | Paralysed by Grinder for 4 turns
  1804 | D:3      | Slain by Grinder

Skill      XL: |  1  2  3  4 |
---------------+-------------+-----
Spellcasting   | 4 5 6 |  6.1
Dodging        | |  2.4
Stealth        | |  2.4
Conjurations   | |  4.3

Action                   |  1- 3 |  4- 6 || total
-------------------------+-------+-------++-------
Melee: Unarmed           |     3 |     6 ||     9
 Cast: Magic Dart        |    57 |    25 ||    82
       Searing Ray       |     4 |     1 ||     5
       Iskenderun's Myst |       |     2 ||     2
  Use: Potion            |       |     1 ||     1
  Eat: Chunk             |       |     2 ||     2
Armor: Robe              |     3 |     3 ||     6
Dodge: Dodged            |     6 |     6 ||    12
